 Dungeon Crawl Stone Soup version 0.21.1-1-g345015fe64 (webtiles) character file.

497 speak the Slasher (level 6, -3/55 HPs)
             Began as a Minotaur Fighter on June 22, 2018.
             Was an Initiate of Wu Jian.
             Slain by Artool's ghost (7 damage)
             ... on level 4 of the Dungeon.
             The game lasted 00:25:01 (2735 turns).

speak the Slasher (Minotaur Fighter)                Turns: 2735, Time: 00:25:02

Health: -3/55      AC:  8    Str: 26    XL:     6   Next: 93%
Magic:  5/5        EV:  9    Int:  5    God:    Wu Jian [......]
Gold:   140        SH: 10    Dex: 11    Spells: 5/5 levels left

rFire    . . .     SeeInvis .   a - +0 long sword
rCold    . . .     Gourm    .   c - +0 shield
rNeg     . . .     Faith    .   x - +1 ring mail {rPois}
rPois    +         Spirit   .   (helmet restricted)
rElec    .         Reflect  .   (no cloak)
rCorr    .         Harm     .   q - +0 pair of gloves
MR       .....                  (no boots)
Stlth    +.........             (no amulet)
HPRegen  0.18/turn              (no ring)
MPRegen  0.09/turn              (no ring)

@: mighty, about to teleport
A: retaliatory headbutt, horns 2
a: Renounce Religion


You were on level 4 of the Dungeon.
You worshipped Wu Jian.
Wu Jian was noncommittal.
You were not hungry.

You visited 1 branch of the dungeon, and saw 4 of its levels.

You collected 140 gold pieces.

Inventory:

Hand Weapons
 a - a +0 long sword (weapon)
 k - a +0 dagger of venom
 o - a +0 dagger
Missiles
 j - 94 stones (quivered)
 w - 18 sling bullets
 y - 18 arrows
Armour
 b - a +0 scale mail
 c - a +0 shield (worn)
 i - a +0 ring mail
 l - a +0 leather armour
 q - a +0 pair of gloves (worn)
 t - a +0 scale mail
 x - a +1 ring mail of poison resistance (worn)
Jewellery
 m - an uncursed ring of magical power {unknown}
 B - a cursed ring of teleportation {unknown}
Scrolls
 g - a scroll of fear {unknown}
 r - a scroll of enchant weapon {unknown}
 s - a scroll of amnesia
 v - a scroll of remove curse {unknown}
Potions
 h - 2 potions of curing {unknown}
 p - a potion of brilliance {unknown}
 A - a potion of haste {unknown}
Books
 u - a book of Minor Magic

   Spells                             Type                      Level
   a - Magic Dart                     Conjuration                  1
   b - Blink                          Translocation                2
   c - Call Imp                       Summoning                    2
   d - Slow                           Hexes                        2
   e - Conjure Flame                  Conjuration/Fire             3
   f - Mephitic Cloud                 Conjuration/Poison/Air       3
Comestibles
 f - 5 rations
 z - 12 chunks of flesh


   Skills:
 + Level 4.9 Fighting
 + Level 5.9 Long Blades
 + Level 0.3 Throwing
 + Level 4.9 Armour
 + Level 1.6 Dodging
 + Level 5.6 Shields


You had 5 spell levels left.
You didn't know any spells.

Dungeon Overview and Level Annotations

Branches:
Dungeon (4/15)
 Temple: D:4-7

Altars:
Makhleb
Wu Jian
The Shining One

Annotations:
D:4 Artool's ghost, novice DsGl


Innate Abilities, Weirdness & Mutations

You reflexively headbutt those who attack you in melee.
You have a pair of horns on your head.


Message History

* * * LOW HITPOINT WARNING * * *
You feel very mighty all of a sudden. You block Artool's ghost's attack.
You barely miss Artool's ghost.
Artool's ghost is severely damaged.
Artool's ghost hits you but does no damage.
You hit Artool's ghost.
Artool's ghost is almost destroyed.
You block Artool's ghost's attack.
You closely miss Artool's ghost. You headbutt Artool's ghost!
Artool's ghost is almost destroyed.
Artool's ghost hits you but does no damage.
Okay, then.
You miss Artool's ghost. Your headbutt misses Artool's ghost.
Artool's ghost is almost destroyed.
Artool's ghost hits you.
* * * LOW HITPOINT WARNING * * *
As you read the scroll of teleportation, it crumbles to dust.
You feel strangely unstable. Artool's ghost hits you!
You die...

.........##
....###...##
...##
###..## ..##
##..## .##
##..## ##
##..##
##..### ##
##...##...##
#..@W.....#
##....####.
#...## ....#
....##
.....#
.....##
......#


You could see Artool's ghost.

Vanquished Creatures
  An ogre (D:2)
  The ghost of kaisn the Skirmisher, an amateur DsFi (D:3)
  A scorpion (D:3)
  A howler monkey (D:3)
  An orc wizard (D:4)
  A worker ant (D:3)
  A howler monkey skeleton (D:4)
  7 gnolls
  2 adders
  A worm (D:3)
  4 dart slugs
  2 leopard geckos
  5 orcs
  A giant cockroach (D:1)
  8 hobgoblins
  13 jackals
  9 kobolds
  4 bats
  2 frilled lizards
  5 goblins
  A leopard gecko skeleton (D:4)
  10 rats
81 creatures vanquished.

Notes
Turn   | Place    | Note
-------+----------+-------------------------------------------
     0 | D:1      | speak the Minotaur Fighter began the quest for the Orb.
     0 | D:1      | Reached XP level 1. HP: 19/19 MP: 0/0
    75 | D:1      | Reached XP level 2. HP: 22/27 MP: 1/1
   715 | D:2      | Found a burning altar of Makhleb.
   764 | D:2      | Reached XP level 3. HP: 31/33 MP: 2/2
   794 | D:2      | Noticed an ogre
   829 | D:2      | Killed an ogre
   829 | D:2      | Reached skill level 1 in Dodging
   829 | D:2      | Reached XP level 4. HP: 17/40 MP: 3/3
  1200 | D:2      | Reached XP level 5. HP: 43/46 MP: 4/4
  1649 | D:3      | Reached skill level 5 in Long Blades
  1833 | D:3      | Noticed kaisn's ghost (amateur DsFi)
  1848 | D:3      | Killed kaisn's ghost
  1848 | D:3      | Reached skill level 5 in Shields
  1848 | D:3      | Reached XP level 6. HP: 26/53 MP: 5/5
  2063 | D:3      | Found an ornate altar of the Wu Jian Council.
  2063 | D:3      | Found a glowing golden altar of the Shining One.
  2080 | D:3      | Became a worshipper of the Wu Jian Council
  2698 | D:4      | Noticed Artool's ghost (novice DsGl)
  2735 | D:4      | Slain by Artool's ghost

Skill      XL: |  1  2  3  4  5 |
---------------+----------------+-----
Shields        | 4 5 |  5.6
Fighting       | 4 |  4.9
Armour         | 4 |  4.9
Long Blades    | 4 5 |  5.9
Dodging        | 1 |  1.6
Throwing       | |  0.3

Action                   |  1- 3 |  4- 6 || total
-------------------------+-------+-------++-------
Melee: Long sword        |    70 |   182 ||   252
       Headbutt          |    12 |    34 ||    46
Throw: Stone             |     4 |     4 ||     8
Invok: Lunge             |       |     2 ||     2
  Use: Potion            |     1 |     4 ||     5
       Scroll            |       |     6 ||     6
  Eat: Chunk             |       |     6 ||     6
Armor: Scale mail        |    23 |    18 ||    41
       Ring mail         |       |    27 ||    27
Dodge: Dodged            |    16 |    51 ||    67
Block: Shield            |    42 |    87 ||   129
       Rpst.: Long sword |     3 |    13 ||    16
